 Dungeon Crawl Stone Soup version 0.20-b1-18-gaa2fd62 (webtiles) character file.

209 MTVSty1e the Skirmisher (level 5, -20/50 HPs)
             Began as a Minotaur Fighter on May 24, 2017.
             Demolished by an ogre
             ... wielding a +0 giant club
              (28 damage)
             ... on level 4 of the Dungeon.
             The game lasted 00:02:48 (2159 turns).

MTVSty1e the Skirmisher (Minotaur Fighter)          Turns: 2159, Time: 00:02:49

Health: -20/50     AC:  8    Str: 22    XL:     5   Next: 55%
Magic:  4/4        EV:  7    Int:  5    God:
Gold:   210        SH:  9    Dex:  9    Spells: 4/4 levels left

rFire    . . .     SeeInvis .   a - +0 war axe
rCold    . . .     Gourm    .   c - +0 shield
rNeg     . . .     Faith    .   b - +0 scale mail
rPois    .         Spirit   .   (helmet restricted)
rElec    .         Reflect  .   (no cloak)
rCorr    .         Harm     .   p - +0 pair of gloves
MR       .....                  (no boots)
Stlth    ..........             (no amulet)
Regen    0.2/turn               (no ring)
MPRegen  0.1/turn               (no ring)

@: lethally poisoned (-20 -> -22), hasted, very quick
A: retaliatory headbutt, horns 2
a: no special abilities


You were on level 4 of the Dungeon.
You were not hungry.

You visited 1 branch of the dungeon, and saw 4 of its levels.

You collected 210 gold pieces.

Inventory:

Hand Weapons
 a - a +0 war axe (weapon)
Armour
 b - a +0 scale mail (worn)
 c - a +0 shield (worn)
 p - a +0 pair of gloves (worn)
Scrolls
 e - 4 scrolls of identify {unknown}
 i - a scroll of enchant weapon {unknown}
 j - 2 scrolls of enchant armour {unknown}
 l - a scroll of blinking {unknown}
 n - a scroll of remove curse {unknown}
 o - a scroll of fear {unknown}
 r - a scroll of amnesia {unknown}
 s - a scroll of teleportation {unknown}
Potions
 d - 2 potions of haste
 g - 4 potions of curing {unknown}
 m - a potion of heal wounds {unknown}
 t - a potion of flight {unknown}
Comestibles
 f - 4 bread rations
 h - a royal jelly
 k - a fruit
 q - a meat ration


   Skills:
 * Level 5.8 Fighting
 + Level 3.7 Axes
 + Level 4.6 Armour
 + Level 4.4 Shields


You had 4 spell levels left.
You didn't know any spells.

Dungeon Overview and Level Annotations

Branches:
Dungeon (4/15)
 Temple: D:4-7

Altars:


Innate Abilities, Weirdness & Mutations

You reflexively headbutt those who attack you in melee.
You have a pair of horns on your head.


Message History

You are poisoned.
The worker ant poisons you! The ogre hits you with a giant club!!
* * * LOW HITPOINT WARNING * * *
You are too injured to fight recklessly!
You are too injured to fight recklessly!
It was a potion of haste.
You feel yourself speed up.
You feel sick. The worker ant barely misses you. You furiously retaliate!
You headbutt the worker ant! The ogre closely misses you.
The worker ant barely misses you.
You slash the ogre!
The ogre is severely wounded.
You barely miss the worker ant. The worker ant bites you.
* * * LOW HITPOINT WARNING * * *
You hit the ogre but do no damage.
You headbutt the ogre, but do no damage.
The ogre is severely wounded.
You barely miss the worker ant.
You feel sick. The ogre hits you with a giant club!!
Ouch! That really hurt!
You die...

#%.#######.##...##.
..............#.
..................
.#....<..........
#.........#..##.
#..............
#####.####..##..
#..####.## ..
#...?#@O...#
#...#.%a.##### #..#
#.#### #. #. #. ..
.#


You could see an ogre and a worker ant.

Vanquished Creatures
  The ghost of Gorglomux the Ruffian, an amateur VSTm (D:3)
  A crimson imp (D:3)
  An iguana (D:4)
  2 adders
  An ooze (D:3)
  2 worms
  A dart slug (D:2)
  3 leopard geckos
  3 orcs
  6 giant cockroaches
  3 goblins
  7 hobgoblins
  3 jackals (D:2)
  2 quokkas
  A ball python (D:3)
  6 bats
  4 rats
47 creatures vanquished.

Notes
Turn   | Place    | Note
-------+----------+-------------------------------------------
     0 | D:1      | MTVSty1e the Minotaur Fighter began the quest for the Orb.
     0 | D:1      | Reached XP level 1. HP: 19/19 MP: 0/0
   253 | D:1      | Reached skill level 4 in Fighting
   386 | D:1      | Reached XP level 2. HP: 27/27 MP: 1/1
  1028 | D:2      | Reached XP level 3. HP: 34/34 MP: 2/2
  1500 | D:3      | Noticed Gorglomux's ghost (amateur VSTm)
  1516 | D:3      | Killed Gorglomux's ghost
  1516 | D:3      | Reached skill level 5 in Fighting
  1516 | D:3      | Reached XP level 4. HP: 15/42 MP: 3/3
  1956 | D:3      | Reached XP level 5. HP: 48/48 MP: 4/4
  2153 | D:4      | Noticed an ogre
  2159 | D:4      | Demolished by an ogre

Skill      XL: |  1  2  3 |
---------------+----------+-----
Fighting       | 4 5 |  5.8
Axes           | 3 |  3.7
Armour         | 4 |  4.6
Shields        | 4 |  4.4

Action                   |  1- 3 |  4- 6 || total
-------------------------+-------+-------++-------
Melee: War axe           |   106 |    40 ||   146
       Headbutt          |     8 |    10 ||    18
  Use: Potion            |     1 |     1 ||     2
  Eat: Meat ration       |     1 |       ||     1
Armor: Scale mail        |    43 |    15 ||    58
Dodge: Dodged            |    26 |    10 ||    36
Block: Shield            |    54 |    18 ||    72
